Map: Newkirk Precinct TE (Void)

Players

Railgan - Winner!

  • Race: Zerg Zerg
  • League: Grandmaster
  • Spawn Location: 5:00

Zelos

  • Race: Terran Terran
  • League: Grandmaster
  • Spawn Location: 7:00

VOD

Have the link to the VOD?

Description

Time

  • Played on: March 12, 2017, 5:31 p.m.
  • Length: 8:26
Show
View Real Time Build Order
Export as new Build Order

Railgan Zerg - Winner!

Build Orders: Pool First 

Get SALT Encoding   

  12  0:03  Drone  
  13  0:14  Overlord  
  13  0:18  Drone  
  14  0:32  Drone x2  
  16  0:36  Drone  
  17  0:46  Spawning Pool  
  16  0:51  Drone  
  17  0:57  Drone  
  18  1:13  Hatchery  
  18  1:14  Extractor  
  18  1:18  Drone  
  17  1:21  Drone  
  18  1:37  Zergling x2  
  18  1:38  Roach Warren  
  18  1:44  Queen  
  20  1:47  Drone  
  20  1:54  Drone  
  22  2:02  Overlord  
  22  2:19  Queen  
  24  2:23  Roach  
  24  2:25  Roach  
  24  2:26  Roach  
  30  2:32  Queen  
  32  2:38  Drone  
  33  2:47  Overlord  
  33  2:49  Drone x2  
  35  2:55  Drone  
  35  3:01  Lair  
  35  3:05  Drone  
  36  3:10  Drone x2  
  38  3:14  Drone  
  38  3:17  Drone  
  38  3:18  Drone  
  41  3:22  Extractor  
  41  3:26  Overlord  
  40  3:30  Drone x2  
  40  3:37  Drone x2  
  40  3:38  Drone  
  43  3:44  Drone  
  43  3:45  Drone x2  
  46  3:51  Drone  
  46  3:52  Drone  
  48  3:56  Extractor  
  48  3:59  Drone x2  
  48  4:00  Drone  
  48  4:01  Drone x2  
  52  4:09  Spire  
  51  4:16  Drone  
  52  4:23  Extractor, Overlord  
  51  4:24  Overlord  
  51  4:32  Overlord  
  51  4:41  Overlord  
  51  4:43  Drone x3  
  51  4:45  Glial Reconstitution  
  54  4:46  Overseer  
  54  4:48  Roach x4  
  62  4:54  Roach  
  62  4:55  Roach x2  
  68  5:08  Overlord  
  68  5:13  Roach x6  
  80  5:23  Overlord  
  80  5:26  Overlord  
  80  5:36  Corruptor x2  
  80  5:37  Overlord  
  86  5:42  Roach  
  86  5:43  Roach x2  
  86  5:45  Corruptor  
  92  5:50  Overlord  
  92  5:56  Roach  
  98  5:57  Roach x2  
  88  6:05  Roach x2  
  88  6:10  Roach  
  92  6:16  Roach  
  84  6:19  Roach x4  
  84  6:20  Roach  
  94  6:35  Hatchery  
  94  6:37  Drone x2  
  94  6:38  Roach  
  97  6:45  Roach  
  89  6:53  Roach x6  
  93  7:00  Drone, Evolution Chamber  
  93  7:02  Evolution Chamber  
  93  7:07  Roach x2  
  96  7:15  Ravager x5  
  101  7:16  Roach x2  
  101  7:18  Roach  
  101  7:22  Overlord  
  107  7:24  Overlord  
  104  7:30  Roach  
  106  7:38  Roach  
  106  7:39  Roach  
  106  7:40  Overlord  
  108  7:46  Overlord  
  108  7:58  Roach  
  106  8:05  Roach  
  106  8:06  Roach x5  
Show
View Real Time Build Order
Export as new Build Order

Zelos Terran 

Build Orders: Reaper Expand, MMM Bio 

Get SALT Encoding   

  12  0:00  SCV  
  13  0:12  SCV  
  14  0:18  Supply Depot  
  14  0:24  SCV  
  15  0:40  SCV  
  15  0:41  Barracks  
  16  0:46  Refinery  
  16  0:52  SCV  
  17  1:04  SCV  
  18  1:16  SCV  
  19  1:29  Reaper  
  19  1:30  Orbital Command  
  20  1:43  Command Center  
  20  1:56  Barracks  
  20  1:57  SCV  
  21  2:02  Barracks Reactor  
  21  2:10  Supply Depot  
  21  2:12  SCV  
  22  2:17  Refinery  
  22  2:24  SCV  
  23  2:31  Factory  
  23  2:38  Marine x2  
  25  2:46  Barracks Tech Lab  
  25  2:49  SCV  
  26  3:02  SCV  
  27  3:06  Marine x3  
  27  3:08  Stimpack  
  29  3:20  Supply Depot  
  29  3:24  Marine x2  
  29  3:26  Marine  
  35  3:27  Cyclone  
  33  3:37  Orbital Command  
  33  3:40  SCV  
  33  3:44  Marine x2  
  33  3:45  Marine  
  36  3:52  Starport  
  36  3:53  SCV  
  37  4:00  Factory Reactor  
  38  4:02  SCV  
  38  4:06  SCV  
  38  4:07  Marine x2  
  41  4:10  Marine  
  41  4:16  SCV  
  43  4:18  SCV  
  43  4:20  Supply Depot  
  44  4:26  Marine x2  
  46  4:34  Medivac  
  46  4:36  Armory  
  48  4:39  SCV  
  48  4:40  SCV  
  48  4:45  Hellion  
  52  4:46  Hellion  
  52  4:51  Marine x2  
  57  4:53  SCV  
  57  4:55  Supply Depot  
  57  4:57  SCV  
  58  5:02  Armory  
  58  5:13  Supply Depot, SCV x2  
  60  5:14  Supply Depot  
  60  5:18  Hellion  
  62  5:22  Hellion  
  62  5:25  Medivac  
  66  5:29  Marine x2  
  66  5:30  Marine  
  66  5:31  Combat Shields  
  69  5:37  SCV x2  
  69  5:41  Supply Depot  
  71  5:46  Hellion  
  71  5:47  Hellion  
  71  5:49  SCV x2  
  77  5:55  Marine x3  
  77  5:56  Starport Reactor  
  74  6:09  Engineering Bay  
  74  6:10  Engineering Bay  
  62  6:21  Marine x3  
  62  6:22  Widow Mine x2  
  62  6:24  SCV x2  
  71  6:28  Barracks  
  71  6:29  Barracks  
  68  6:34  Supply Depot  
  68  6:36  Supply Depot, SCV x2  
  62  6:50  Marine x2  
  62  6:51  Marauder  
  64  7:00  Medivac, Widow Mine x2  
  70  7:03  SCV x2  
  72  7:08  Command Center  
  70  7:15  SCV  
  70  7:19  Barracks Reactor, Barracks Tech Lab  
  70  7:21  Supply Depot x2  
  70  7:22  Supply Depot  
  70  7:26  Marine x2, Refinery  
  70  7:27  Refinery  
  70  7:29  Widow Mine x2  
  68  7:32  SCV  
  73  7:41  Marauder x2  
  73  7:42  SCV  
  76  7:44  SCV  
  76  7:47  Barracks  
  76  7:49  Barracks  
  77  7:54  SCV  
  77  7:56  Marine x2  
  77  7:57  Marine x2  
  73  8:02  Marauder x2  
Tags
 
Add a new tag
Caveats
  • Supply blocks, unpowered buildings, or Contaminate may cause inaccurate times.
  • Supply counts are checked every 10 seconds.